 Dungeon Crawl Stone Soup version 0.28.0-45-g0d030f2227 (webtiles) character file.

Game seed: 124457982763599634

120 Descartes the Grasshopper (level 5, -1/38 HPs)
             Began as a Formicid Warper on Apr 24, 2022.
             Slain by a kobold brigand
             ... wielding a +0 short sword
              (4 damage)
             ... on level 3 of the Dungeon.
             The game lasted 00:08:05 (4194 turns).

Descartes the Grasshopper (Formicid Warper)         Turns: 4194, Time: 00:08:05

Health: -1/38      AC:  9    Str: 17    XL:     5   Next: 25%
Magic:  8/8        EV:  7    Int: 13    God:
Gold:   77         SH:  4    Dex: 16    Spells: 8/8 levels left

rFire   . . .      SeeInvis +   a - +0 hand axe
rCold   . . .      Faith    .   l - +0 buckler
rNeg    . . .      Spirit   .   r - +0 chain mail
rPois   .          Reflect  .   (helmet unavailable)
rElec   .          Harm     .   (no cloak)
rCorr   .          Rampage  .   (no gloves)
Will    .....                   (no boots)
Stlth   ..........              (no amulet)
HPRegen 0.12/turn               e - ring of flight
MPRegen 0.11/turn               m - +6 ring of dexterity

@: flying
A: permanent stasis, dig shafts and tunnels, antennae 3, four strong arms
a: Dig, Shaft Self


You were on level 3 of the Dungeon.
You visited 1 branch of the dungeon, and saw 3 of its levels.

You collected 77 gold pieces.

Inventory:

Hand Weapons
 a - a +0 hand axe (weapon)
 j - a +2 dagger of venom
Missiles
 c - 5 boomerangs of dispersal (quivered)
 p - 91 stones
 q - 22 sling bullets
Armour
 b - a +0 leather armour
 l - a +0 buckler (worn)
 r - a +0 chain mail (worn)
Jewellery
 e - a ring of flight (left hand)
 m - a +6 ring of dexterity (right hand)
Scrolls
 f - 2 scrolls of identify {unknown}
 i - 2 scrolls of teleportation {unknown}
 k - a scroll of amnesia {unknown}
 n - a scroll of vulnerability {unknown}
 o - a scroll of blinking {unknown}
 t - a scroll of torment {unknown}
Potions
 d - a potion of magic {unknown}
 g - 2 potions of curing
 h - a potion of might {unknown}
 s - a potion of degeneration {unknown}
 u - 2 potions of flight {unknown}


   Skills:
 - Level 2.1 Fighting
 * Level 3.4 Axes
 - Level 1.0 Throwing
 + Level 2.7 Armour
 - Level 1.7 Dodging
 + Level 1.0 Shields
 - Level 2.1 Spellcasting
 + Level 3.5 Translocations


You had 8 spell levels left.
You didn't know any spells.
Your spell library contained the following spells:

 Spells                   Type           Power      Damage    Failure   Level
 Gell's Gravitas          Tloc           10%        N/A       98%         3
 Lesser Beckoning         Tloc           10%        N/A       98%         3
 Teleport Other           Tloc           10%        N/A       98%         3
 Manifold Assault         Tloc           10%        N/A       100%        5
 Blink                    Tloc           Unusable   N/A       N/A         2

Dungeon Overview and Level Annotations

Branches:
Dungeon (3/15)

Altars:

Shops:
D:2 *   D:3 [(??:


Innate Abilities, Weirdness & Mutations

You cannot be hasted, slowed, berserked, paralysed or teleported.
You can dig through walls and to a lower floor.
You have a pair of large antennae on your head. (SInv)
Your four strong arms can wield two-handed weapons with a shield.


Message History

The kobold brigand is almost dead.
The kobold brigand hits you but does no damage.
You closely miss the kobold brigand.
The kobold brigand is almost dead.
The kobold brigand hits you with a +0 short sword.
* * * LOW HITPOINT WARNING * * *
The kobold brigand hits you with a +0 short sword.
* * * LOW HITPOINT WARNING * * *
You hit the kobold brigand but do no damage.
The kobold brigand is almost dead.
The kobold brigand hits you but does no damage.
You hit the kobold brigand.
The kobold brigand is almost dead.
The kobold brigand hits you but does no damage.
You closely miss the kobold brigand.
The kobold brigand is almost dead.
You block the kobold brigand's attack.
You hit the kobold brigand.
The kobold brigand is almost dead.
The kobold brigand hits you with a +0 short sword.
* * * LOW HITPOINT WARNING * * *
You hit the kobold brigand but do no damage.
The kobold brigand is almost dead.
The kobold brigand barely misses you.
You closely miss the kobold brigand.
The kobold brigand is almost dead.
The kobold brigand hits you but does no damage.
The kobold brigand closely misses you.
You hit the kobold brigand but do no damage.
The kobold brigand is almost dead.
The kobold brigand hits you with a +0 short sword.
* * * LOW HITPOINT WARNING * * *
You hit the kobold brigand.
The kobold brigand is almost dead.
The kobold brigand hits you with a +0 short sword.
* * * LOW HITPOINT WARNING * * *
You barely miss the kobold brigand.
The kobold brigand is almost dead.
The kobold brigand hits you with a +0 short sword.
You die...

#####.##....#.#..#
.....>......#.####
######......'.# #
######.#....###
#......###........
#.###### #{.......
#.# #....K... #K#
#........ #@#
#........ ###
#........
#........


You could see a kobold brigand.

Vanquished Creatures
  4 adders
  4 dart slugs (D:1)
  5 orcs (D:3)
  2 ball pythons
  5 bats
  7 endoplasms
  4 giant cockroaches
  9 goblins
  5 hobgoblins
  4 jackals (D:2)
  5 kobolds
  A quokka (D:1)
  3 frilled lizards
  8 rats
66 creatures vanquished.

Vanquished Creatures (others)
  3 plants (D:2)
3 creatures vanquished.

Grand Total: 69 creatures vanquished

Notes
Turn   | Place    | Note
-------+----------+-------------------------------------------
     0 | D:1      | Descartes the Formicid Warper began the quest for the Orb.
     0 | D:1      | Reached XP level 1. HP: 16/16 MP: 3/3
   217 | D:1      | Reached XP level 2. HP: 16/22 MP: 5/5
  1204 | D:1      | Reached XP level 3. HP: 27/27 MP: 6/6
  2140 | D:2      | Reached XP level 4. HP: 20/33 MP: 7/7
  2998 | D:2      | Found Aski's Assorted Antiques.
  3221 | D:2      | You are sucked into a shaft and drop 1 floor!
  3225 | D:3      | Found Ducefahe's Book Emporium.
  3341 | D:3      | Found Keeshruj's Weapon Emporium.
  3537 | D:3      | Found Koafiutuji's Armour Emporium.
  3561 | D:3      | Reached XP level 5. HP: 24/38 MP: 8/8
  3783 | D:3      | Found Ylem's Magic Scroll Shoppe.
  3813 | D:3      | Found Pauqix Apne's Magic Scroll Shoppe.
  3822 | D:3      | Reached skill level 1 in Shields
  3913 | D:3      | Noticed a kobold brigand
  4194 | D:3      | Slain by a kobold brigand

Illustrated notes

Levels and vault maps discovered:
D:1:      dpeg_arrival_subterranean_lakeside_camping, layout_loops_ring,
          minivault_11
D:2:      layout_basic, serial_shops, nicolae_shop_stone, serial_bayou_pond_a
D:3:      layout_basic, serial_shops, nicolae_shop_bloodbath_and_beyond,
          nicolae_shop_advertising_works [nicolae_subvault_shop_adworks],
          nicolae_shop_waterfront, nicolae_shop_crystal, shop_statue,
          kennysheep_nub

Skill      XL: |  1  2  3  4  5 |
---------------+----------------+-----
Translocations | 3 |  3.5
Armour         | 2 |  2.7
Axes           | 3 |  3.4
Shields        | 1 |  1.0
Fighting       | |  2.1
Throwing       | |  1.0
Dodging        | |  1.7
Spellcasting   | |  2.1

Action                   |  1- 3 |  4- 6 || total
-------------------------+-------+-------++-------
Melee: Hand axe          |   136 |   143 ||   279
       Punch             |     4 |       ||     4
 Abil: Dig               |     1 |       ||     1
  Use: Potion            |       |     1 ||     1
Armor: Leather armour    |    40 |    17 ||    57
       Chain mail        |       |    29 ||    29
Dodge: Dodged            |    85 |    60 ||   145
Block: Buckler           |       |    24 ||    24
